 Dungeon Crawl Stone Soup version 0.30-b1-5-g8e6c1be481 (webtiles) character file.

Game seed: 8663881364641004901

4820 SheolSatansfist the Fighter (level 10, -8/96 HPs)
             Began as a Hill Orc Fighter on May 4, 2023.
             Was a Believer of Makhleb.
             Mangled by a gnoll sergeant
             ... wielding a +0 halberd
              (9 damage)
             ... in a bailey.
             The game lasted 00:25:31 (9710 turns).

SheolSatansfist the Fighter (Hill Orc Fighter)      Turns: 9710, Time: 00:25:32

Health: -8/96      AC: 18    Str: 24    XL:     10   Next: 48%
Magic:  13/13      EV:  7    Int:  8    God:    Makhleb [**....]
Gold:   748        SH:  5    Dex: 10    Spells: 9/9 levels left

rFire   . . .        x - +2 hand axe (flame)
rCold   . . .        c - +0 buckler
rNeg    . . .        e - +0 plate armour
rPois   .            v - +2 hat
rElec   .            C - +0 cloak
rCorr   .            k - +0 pair of gloves
SInv    .            (no boots)
Will    .....        D - amulet of faith Stlth
                     (no ring)
HPRegen 0.36/turn    (no ring)
MPRegen 0.13/turn

%: faith
@: studying Polearms
A: no striking features
a: Renounce Religion, Minor Destruction


You were in a bailey.
You worshipped Makhleb.
Makhleb was pleased with you.
You visited 2 branches of the dungeon, and saw 10 of its levels.
You also visited: Bailey.

You collected 748 gold pieces.

Inventory:

Hand Weapons
 a - a +0 war axe
 x - a +2 hand axe of flaming (weapon)
Missiles
 b - 11 poisoned darts (quivered)
 y - 6 boomerangs
 M - a throwing net
Armour
 c - a +0 buckler (worn)
 e - a +0 plate armour (worn)
 k - a +0 pair of gloves (worn)
 v - a +2 hat (worn)
 C - a +0 cloak (worn)
Jewellery
 w - a ring of protection from cold
 z - an amulet of regeneration
 D - an amulet of faith (around neck)
 I - an amulet of reflection
 L - an amulet of guardian spirit
Wands
 m - a wand of charming (21)
 B - a wand of polymorph (4)
 J - a wand of digging (7)
 K - a wand of mindburst (18)
Scrolls
 g - 2 scrolls of noise {unknown}
 h - 8 scrolls of identify {unknown}
 n - a scroll of blinking {unknown}
 r - a scroll of magic mapping {unknown}
 s - 5 scrolls of teleportation {unknown}
 u - a scroll of poison {unknown}
 A - a scroll of silence {unknown}
 E - a scroll of fear {unknown}
 G - 2 scrolls of enchant weapon {unknown}
 H - 3 scrolls of enchant armour {unknown}
Potions
 d - a potion of might
 f - 4 potions of mutation {unknown}
 i - 2 potions of degeneration {unknown}
 j - 2 potions of haste
 l - a potion of berserk rage {unknown}
 o - a potion of heal wounds {unknown}
 p - a potion of resistance
 q - 2 potions of invisibility {unknown}
 t - 2 potions of magic {unknown}
 F - a potion of curing {unknown}


   Skills:
 * Level 11.6 Fighting
 + Level 8.8 Axes
 + Level 7.9 Armour
 + Level 7.9 Shields
 + Level 5.2 Invocations


You had 9 spell levels left.
You didn't know any spells.
Your spell library contained the following spells:

 Spells                   Type           Power      Damage    Failure   Level
 Magic Dart               Conj           0%         1d3       100%        1
 Call Imp                 Summ           0%         N/A       100%        2
 Inner Flame              Hex/Fire       0%         N/A       100%        3
 Mephitic Cloud           Conj/Pois/Air  0%         N/A       100%        3
 Anguish                  Hex/Necr       0%         N/A       100%        4
 Cause Fear               Hex            0%         N/A       100%        4
 Flame Wave               Conj/Fire      0%         2d4       100%        4
 Sticky Flame             Conj/Fire      0%         2d3       100%        4
 Dragon Form              Tmut           0%         N/A       100%        7
 Enfeeble                 Hex            0%         N/A       100%        7
 Dragon's Call            Summ           0%         N/A       100%        9


Dungeon Overview and Level Annotations

Branches:
Dungeon (9/15)             Temple (1/1) D:5          Bailey (1/1)
   Lair: D:8-11         Orc: D:9-12

Altars:
Ashenzari
Cheibriados
Dithmenos
Elyvilon
Fedhas
Kikubaaqudgha
Makhleb
Okawaru
Qazlal
Ru
Trog
Uskayaw
Vehumet
Wu Jian
Xom
Yredelemnul
Zin

Shops:
D:5 =*


Message History

The wolf bites you but does no damage.
There is an open door here.
The wolf attacks as you move away! The wolf bites you.
* * * LOW HITPOINT WARNING * * *
Things that are here:
a +0 trident; a +0 ring mail; a gnoll skeleton The gnoll bouda gazes fiercely through something!
You feel your attacks grow feeble. The wolf bites you but does no damage.
Things that are here:
a +0 spear; a +0 chain mail The wolf attacks as you move away!
The wolf bites you but does no damage. The wolf barely misses you.
The wolf attacks as you move away! The wolf bites you.
* * * LOW HITPOINT WARNING * * *
The gnoll bouda barks out a call to the hunt!
The gnoll sergeants pick up the pace!
The gnoll sergeant hits you but does no damage.
There is an open gate, spattered with blood here.
Things that are here:
a +0 spear; a +0 ring mail; a gnoll skeleton The wolf bites you but does no damage.
The wolf attacks as you move away! The wolf bites you but does no damage.
Your attacks no longer feel as feeble.
You block the wolf's attack. The wolf attacks as you move away!
You block the wolf's attack. The wolf bites you but does no damage.
You block the gnoll sergeant's attack. The wolf bites you but does no damage.
The gnoll sergeant hits you from afar with a +0 halberd.
* * * LOW HITPOINT WARNING * * *
You see here a hound skeleton.
The wolf bites you but does no damage. You block the gnoll sergeant's attack.
There is an empty arch of ancient stone here.
The wolf bites you but does no damage.
The gnoll sergeant hits you from afar with a +0 glaive!
* * * LOW HITPOINT WARNING * * *
The gnoll sergeant hits you from afar with a +0 halberd!
You die...

#..≈.♣ #..≈.♣♣
#..≈..♣ ### #..≈..♣
..## #..≈..♣♣
...######..≈...♣♣
....#...')..).g.♣♣♣#
8...')).)g...÷gh@.∩#
....#...')).).g.♣♣♣#
...######..≈...♣♣
..##..+ #..≈...♣
###...# #..≈...♣
'gg...# #..≈..♣♣
#.....# #..≈.♣♣
#...8.# #..≈.♣
####### ..≈≈♣


You could see 3 gnoll sergeants, a wolf and a gnoll bouda.

Vanquished Creatures
  Grum (D:7)
  6 yaks (D:7)
  Eustachio (D:3)
  2 orc warriors
  A black bear (D:5)
  2 ice beasts
  3 ogres
  4 wolves
  3 centaurs
  A phantom (D:4)
  5 bullfrogs
  3 gnoll sergeants (Bailey)
  4 scorpions
  5 wights (D:7)
  3 killer bees (D:8)
  2 howler monkeys
  5 jellies
  An orc priest (D:5)
  5 hounds
  A gnoll bouda (Bailey)
  A sleepcap (D:5)
  Crazy Yiuf (D:4)
  Ijyb (D:3)
  7 orc wizards
  28 gnolls
  11 adders
  A white imp (D:7)
  2 worms
  3 dart slugs
  27 orcs
  A ball python (D:1)
  6 endoplasms
  2 giant cockroaches (D:4)
  8 goblins
  12 hobgoblins
  5 kobolds
  3 quokkas (D:1)
  5 bats
  3 frilled lizards
  8 rats
193 creatures vanquished.

Notes
Turn   | Place    | Note
-------+----------+-------------------------------------------
     0 | D:1      | SheolSatansfist the Hill Orc Fighter began the quest for
                  | the Orb.
     0 | D:1      | Reached XP level 1. HP: 19/19 MP: 1/1
    81 | D:1      | Reached XP level 2. HP: 25/27 MP: 2/2
   134 | D:1      | Reached skill level 4 in Fighting
   389 | D:1      | Reached XP level 3. HP: 33/33 MP: 3/3
   963 | D:1      | Reached XP level 4. HP: 28/41 MP: 4/4
  1488 | D:2      | Reached skill level 5 in Fighting
  1567 | D:2      | Reached XP level 5. HP: 48/48 MP: 5/5
  2252 | D:3      | Found a broken altar of Ashenzari.
  3003 | D:4      | Found a shimmering altar of Xom.
  3022 | D:4      | Reached XP level 6. HP: 56/56 MP: 6/6
  3119 | D:4      | Noticed Eustachio
  3450 | D:3      | Killed Eustachio
  3451 | D:3      | Reached skill level 6 in Fighting
  3500 | D:4      | Noticed Ijyb
  3904 | D:3      | Killed Ijyb
  3905 | D:3      | Reached XP level 7. HP: 56/64 MP: 7/7
  4011 | D:4      | Reached skill level 5 in Axes
  4158 | D:4      | Found an ornate altar of the Wu Jian Council.
  4197 | D:4      | Reached skill level 5 in Armour
  4197 | D:4      | Reached skill level 5 in Shields
  4344 | D:4      | Found a runed translucent door.
  4345 | D:4      | Noticed Crazy Yiuf
  4358 | D:4      | Killed Crazy Yiuf
  4359 | D:4      | Reached skill level 7 in Fighting
  4579 | D:5      | Entered Level 5 of the Dungeon
  4725 | D:5      | Found Haipp's Jewellery Shop.
  4769 | D:5      | Found Niam's Assorted Antiques.
  4802 | D:5      | Reached XP level 8. HP: 44/73 MP: 8/8
  5279 | D:5      | Found a snail-covered altar of Cheibriados.
  5297 | D:5      | Found a white marble altar of Elyvilon.
  5406 | D:5      | Reached skill level 8 in Fighting
  5522 | D:5      | Found a staircase to the Ecumenical Temple.
  5535 | Temple   | Entered the Ecumenical Temple
  5673 | Temple   | Became a worshipper of Makhleb the Destroyer
  6789 | D:6      | Reached skill level 9 in Fighting
  7065 | D:7      | Reached XP level 9. HP: 76/83 MP: 9/9
  7101 | D:7      | Reached skill level 1 in Invocations
  7202 | D:7      | Reached * piety under Makhleb
  7372 | D:7      | Reached skill level 10 in Fighting
  7608 | D:7      | Reached XP level 10. HP: 38/94 MP: 13/13
  7976 | D:7      | Found a stormy altar of Qazlal.
  8128 | D:8      | Noticed Grum
  8150 | D:7      | Killed Grum
  8151 | D:7      | Reached skill level 11 in Fighting
  8847 | D:8      | Reached skill level 5 in Invocations
  9093 | D:8      | Found an iron altar of Okawaru.
  9096 | D:8      | Reached ** piety under Makhleb
  9242 | D:9      | Found a flagged portal.
  9249 | Bailey   | Entered a bailey
  9710 | Bailey   | HP: 1/96 [gnoll sergeant/+0 glaive (10)]
  9710 | Bailey   | Mangled by a gnoll sergeant

Illustrated notes

Levels and vault maps discovered:
D:1:      matt_arrival_los_fun, layout_rooms
D:2:      layout_basic
D:3:      layout_basic, ashenzari_altar_1
D:4:      layout_loops_ring, mainiacjoe_overflow_tiny_flanked,
          mainiacjoe_overflow_chevrons, kennysheep_nondescript,
          minmay_joined_circles, uniq_ijyb, uniq_eustachio,
          uniq_crazy_yiuf_cottage
D:5:      layout_loops_ring, kennysheep_slug_shrine, elyvilon_altar_5,
          minmay_temple_entry_statues, serial_shops, shop,
          nicolae_inconvenience_store
D:6:      layout_basic
D:7:      layout_loops_ring, kennysheep_little_box
D:8:      layout_cave_pools, okawaru_altar_gauntlet_db, uniq_grum
D:9:      minmay_the_grid_triangle_9x9_recursive_2
          [minmay_the_grid_triangle_9x9_prize_insulated,
          minmay_the_grid_triangle_9x9_zippers_horizontal,
          minmay_the_grid_triangle_9x9_corrupted_corridor,
          minmay_the_grid_triangle_9x9_stretched_checkered],
          layout_irregular_city, lemuel_tele_altar, nemelex_spade_bored_becter,
          nicolae_hepliaklqana_monster_ancestors, orc_0_dummy, enter_bailey_4,
          minivault_7
Temple:   chequers_temple_sunken
Bailey:   bailey_polearm_gnolls_kennysheep, bailey

Skill      XL: |  1  2  3  4  5  6  7  8  9 10 |
---------------+-------------------------------+-----
Axes           | 3 4 5 6 8 |  8.8
Fighting       | 4 5 6 7 9 10 11 | 11.6
Shields        | 4 5 6 7 |  7.9
Armour         | 4 5 6 7 |  7.9
Invocations    | 4 5 |  5.2

Action                     |  1- 3 |  4- 6 |  7- 9 | 10-12 || total
---------------------------+-------+-------+-------+-------++-------
  Melee: War axe           |   101 |   160 |    48 |       ||   309
         Unarmed           |       |     5 |       |       ||     5
         Hand axe          |       |       |   388 |   153 ||   541
    Use: Potion            |       |       |     1 |     2 ||     3
 Armour: Scale mail        |     5 |       |       |       ||     5
         Plate armour      |    60 |   184 |   221 |   158 ||   623
         Skin              |       |     5 |       |       ||     5
  Dodge: Dodged            |    30 |    65 |   106 |    89 ||   290
  Block: Buckler           |    23 |    42 |    85 |    52 ||   202
